Map: Alcyone LE

Players

Applepi - Winner!

  • Race: Zerg Zerg
  • League: Bronze
  • Spawn Location: 7:00

A.I. 1 (Very Easy)

  • Race: Zerg Zerg
  • Spawn Location: 1:00

VOD

Have the link to the VOD?

Description

Time

  • Played on: May 8, 2025, 10:29 a.m.
  • Length: 8:37
Show
View Real Time Build Order
Export as new Build Order

Applepi Zerg - Winner!

Build Orders: Pool First 

Get SALT Encoding   

  12  0:01  Drone  
  13  0:09  Drone  
  14  0:17  Overlord  
  14  0:36  Drone  
  14  0:38  Drone x2  
  17  0:45  Extractor  
  17  0:48  Spawning Pool  
  15  0:50  Drone  
  16  0:59  Drone  
  17  1:11  Drone  
  18  1:25  Hatchery  
  18  1:28  Overlord  
  18  1:32  Drone  
  18  1:41  Queen  
  20  1:50  Drone  
  21  1:55  Zergling x2  
  22  2:03  Zergling x2  
  23  2:14  Drone  
  24  2:16  Queen  
  26  2:25  Drone  
  27  2:35  Overlord  
  27  2:40  Drone  
  27  2:43  Queen  
  30  2:49  Drone  
  30  2:51  Drone  
  32  2:52  Queen  
  34  2:59  Drone x3  
  37  3:11  Drone x2  
  39  3:15  Drone  
  40  3:20  Drone  
  41  3:37  Roach Warren  
  40  3:45  Overlord, Evolution Chamber  
  39  3:49  Drone  
  39  3:50  Drone x2  
  39  3:52  Drone  
  43  4:05  Overlord  
  43  4:11  Zergling x2  
  43  4:12  Zergling x12  
  50  4:19  Lair  
  50  4:26  Roach x5  
  60  4:35  Overlord  
  60  4:45  Extractor  
  59  4:58  Drone x3  
  62  5:07  Overlord  
  62  5:14  Roach  
  62  5:15  Roach x2  
  62  5:18  Overlord  
  68  5:26  Zerg Melee Weapons Level 1  
  68  5:29  Glial Reconstitution  
  68  5:30  Metabolic Boost  
  68  5:41  Roach  
  68  5:42  Roach x2  
  74  5:49  Drone  
  75  5:54  Drone x2  
  77  6:07  Roach x3  
  83  6:18  Overlord  
  83  6:19  Overlord  
  82  6:43  Roach x8  
  82  6:45  Overlord x2  
  98  6:59  Overlord x2  
  98  7:05  Roach  
  98  7:06  Roach x5  
  110  7:15  Overlord  
  110  7:21  Zergling x12  
  116  7:40  Roach x3  
  118  7:59  Zergling x12  
  124  8:08  Roach  
  124  8:09  Hatchery, Roach  
  127  8:13  Roach x5  
Show
View Real Time Build Order
Export as new Build Order

A.I. 1 (Very Easy) Zerg 

Build Orders: Pool First 

Get SALT Encoding   

  12  0:00  Drone  
  13  0:12  Overlord  
  13  0:16  Drone  
  14  0:36  Spawning Pool, Extractor  
  14  0:40  Drone  
  13  0:47  Drone  
  14  0:52  Overlord  
  14  1:22  Zergling x2, Queen  
  17  1:33  Roach Warren  
  17  1:36  Drone  
  17  1:41  Extractor  
  17  1:42  Zergling x2  
  17  1:44  Drone  
  18  1:57  Drone  
  18  2:01  Zergling x2  
  20  2:08  Drone  
  21  2:19  Drone  
  22  2:29  Overlord, Drone  
  23  2:36  Drone  
  24  2:43  Drone  
  25  5:53  Lair, Roach, Drone, Overlord  
  28  6:00  Drone  
  29  6:07  Drone  
  30  6:14  Drone  
  31  6:21  Drone  
  29  6:33  Roach  
  31  6:50  Overseer x2  
  31  7:14  Roach  
  31  7:15  Hatchery  
  32  7:52  Roach  
  28  8:12  Drone  
  16  8:20  Drone  
Tags
 
League
Bronze
Matchup
ZvZ
Race
Zerg
Spawn Locations
Cross Positions
Add a new tag
Caveats
  • Supply blocks, unpowered buildings, or Contaminate may cause inaccurate times.
  • Supply counts are checked every 10 seconds.